 Dungeon Crawl Stone Soup version 0.30-a0-760-g5a9884bb7c (webtiles) character file.

Game seed: 11421054680717445264

215888 demibob the Brawler (level 18, -11/209 HPs)
             Began as a Pale Draconian Transmuter on Feb 11, 2023.
             Was the Champion of Okawaru.
             Killed from afar by a lindwurm (22 damage)
             ... with a blast of flame
             ... on level 1 of the Vaults on Feb 12, 2023.
             The game lasted 02:00:34 (32984 turns).

demibob the Brawler (Pale Draconian Transmuter)    Turns: 32984, Time: 02:00:34

Health: -11/209    AC: 31    Str: 14    XL:     18   Next: 34%
Magic:  27/27      EV: 17    Int: 22    God:    Okawaru [******]
Gold:   2871       SH:  7    Dex: 15    Spells: 3/29 levels left

rFire   . . .      SeeInvis .      - Unarmed
rCold   . . .      Faith    +    D - +2 buckler of Huptiggafua {Will+ Int+3}
rNeg    + . .      Spirit   .    (body armour unavailable)
rPois   ∞          Reflect  .    i - +2 hat of Absolutism {Regen+}
rElec   +          Harm     .    x - +0 cloak {Will+}
rCorr   .          Rampage  .    (gloves currently unavailable)
Will    +++..      Archmagi +    (boots currently unavailable)
Stlth   +                        e - amulet of faith {!P}
HPRegen 1.34/turn                K - ring of Roitur {AC+4 Dex+2 Slay+2}
MPRegen 0.20/turn                s - ring of the Mage {Wiz Archmagi}

@: about to teleport, statue-form, corroded, very slow
A: slow and powerful, torment resistance 1, boosted hp, (breathe steam), AC +10,
unfitting armour, cold-blooded, steam resistance
}: 1/15 runes: serpentine
a: End Transformation, Renounce Religion, Heroism, Finesse, Duel


You were on level 1 of the Vaults.
You worshipped Okawaru.
Okawaru was exalted by your worship.
You were a living statue of rough stone.
You visited 6 branches of the dungeon, and saw 28 of its levels.
You also visited: Gauntlet and Volcano.

You collected 4664 gold pieces.
You spent 1793 gold pieces at shops.


Innate Abilities, Weirdness & Mutations

You are a living statue of rough stone.
Your actions are slow, but your melee attacks are powerful.
You are resistant to unholy torment.
Your maximum health is greatly increased.
You are immune to poison.
Your equipment is partially melded.
((You can breathe blasts of scalding, opaque steam.))
((Your pale cyan-grey scales are hard. (AC +10)))
You cannot fit into any form of body armour.
You are cold-blooded and may be slowed by cold attacks.
You are immune to the effects of steam.


   Skills:
 + Level 14.6 Fighting
 - Level 10.9 Dodging
 - Level 5.3 Shields
 + Level 20.8 Unarmed Combat
 - Level 6.2 Spellcasting
 - Level 3.6 Conjurations
 - Level 13.8 Transmutations
 - Level 5.3 Fire Magic
 - Level 5.9 Air Magic
 - Level 10.3 Earth Magic
 - Level 3.2 Poison Magic
 - Level 3.0 Invocations


You had 3 spell levels left.
You knew the following spells:

 Your Spells              Type           Power      Damage    Failure   Level
b - Beastly Appendage     Tmut           100%       N/A       1%          1
h - Blade Hands           Tmut           40%        N/A       1%          5
m - Mephitic Cloud        Conj/Pois/Air  38%        N/A       2%          3
p - Poisonous Vapours     Pois/Air       80%        N/A       1%          2
s - Spider Form           Tmut/Pois      61%        N/A       1%          3
t - Statue Form           Tmut/Erth      49%        N/A       4%          6
w - Wereblood             Tmut           80%        N/A       1%          2
y - Sticky Flame          Conj/Fire      39%        2d6       8%          4

Your spell library contained the following spells:

 Spells                   Type           Power      Damage    Failure   Level
 Magic Dart               Conj           100%       1d8       1%          1
 Sandblast                Erth           100%       2d20      1%          1
 Cigotuvi's Dreadful Rot  Necr/Pois/Air  60%        N/A       1%          2
 Kiss of Death            Conj/Necr      88%        2d12      2%          1
 Apportation              Tloc           20%        N/A       4%          1
 Freeze                   Ice            40%        1d6       4%          1
 Necrotise                Necr           40%        1d6       4%          1
 Inner Flame              Hex/Fire       27%        N/A       4%          3
 Vhi's Electric Charge    Tloc/Air       58%        N/A       4%          3
 Dazzling Flash           Conj/Hex       44%        N/A       6%          3
 Hailstorm                Conj/Ice       22%        3d7       6%          3
 Confusing Touch          Hex            10%        N/A       14%         3
 Frozen Ramparts          Ice            20%        1d4       14%         3
 Ice Form                 Ice/Tmut       54%        N/A       2%          4
 Flame Wave               Conj/Fire      39%        2d11      8%          4
 Yara's Violent Unravell  Hex/Tmut       27%        3d12      8%          5
 Arcjolt                  Conj/Air       20%        1d30      17%         5
 Iskenderun's Mystic Bla  Conj/Tloc      22%        2d6       21%         4
 Eringya's Noxious Bog    Tmut/Pois      30%        N/A       21%         6
 Freezing Cloud           Conj/Ice/Air   15%        6-21      32%         5
 Dispel Undead            Necr           10%        3d9       41%         4
 Manifold Assault         Tloc           10%        N/A       41%         4
 Dispersal                Tloc           5%         N/A       99%         6
 Orb of Destruction       Conj           17%        9d7       100%        7
 Disjunction              Tloc           5%         N/A       100%        8
 Lehudib's Crystal Spear  Conj/Erth      27%        10d7      100%        8
 Maxwell's Capacitive Co  Air            24%        ∞         100%        8
 Chain Lightning          Conj/Air       20%        3d27      100%        9
 Polar Vortex             Ice            5%         N/A       100%        9
 Summon Small Mammal      Summ           Unusable   N/A       N/A         1
 Simulacrum               Ice/Necr       Unusable   N/A       N/A         6

Inventory:

Missiles
 l - 2 throwing nets {=f}
Armour
 i - the +2 hat of Absolutism (worn) {Regen+}
   (Okawaru gifted it to you on level 3 of the Lair of Beasts)

   Regen:     It increases your rate of health regeneration.
 x - a +0 cloak of willpower (worn)
 A - a +1 pair of gloves of hurling (melded)
 B - a +2 pair of boots of stealth (melded)
 D - the +2 buckler of Huptiggafua (worn) {Will+ Int+3}
   (Okawaru gifted it to you on level 10 of the Dungeon)

   Int:       It affects your intelligence (+3).
   Will:      It increases your willpower.
 S - the +1 hat of Day {Will- Dex+4 Slay+4 Stlth+}
   (Okawaru gifted it to you on level 13 of the Dungeon)

   Dex:       It affects your dexterity (+4).
   Slay:      It affects your accuracy & damage with ranged weapons and melee
   (+4).
   Will:      It decreases your willpower.
   Stlth:     It makes you more stealthy.
Jewellery
 b - the ring of the Enchanting Jester {rF+++ rC+ Dex-2}
   (You acquired it on level 1 of the Dungeon)

   [ring of protection from cold]

   Dex:       It affects your dexterity (-2).
   rF:        It renders you almost immune to fire.
   rC:        It protects you from cold.
 e - an amulet of faith (around neck) {!P}
 f - a ring of fire
 s - the ring of the Mage (right fist) {Wiz Archmagi}
   (You found it in a Gauntlet)

   [ring of wizardry]

   It improves your spell success rate.
   Archmagi:  It increases the power of your magical spells.
 v - a ring of see invisible
 C - a ring of ice
 E - a +5 ring of evasion
 F - a ring of protection from fire
 G - an amulet of regeneration
 K - the ring of Roitur (left fist) {AC+4 Dex+2 Slay+2}
   (You bought it in a shop on level 2 of the Orcish Mines)

   [ring of protection]

   AC:        It affects your AC (+4).
   Dex:       It affects your dexterity (+2).
   Slay:      It affects your accuracy & damage with ranged weapons and melee
   (+2).
 L - a ring of flight
 M - a ring of magical power
 P - a ring of poison resistance
 R - a ring of resist corrosion
 T - a +4 ring of protection
Wands
 d - a wand of polymorph (6)
 m - a wand of flame (39)
 q - a wand of roots (15)
 H - a wand of paralysis (30)
 U - a wand of light (4)
 X - a wand of mindburst (9)
Scrolls
 c - a scroll of enchant armour
 o - 3 scrolls of teleportation {@r2}
 r - 5 scrolls of fog
 w - 3 scrolls of enchant weapon
 y - 8 scrolls of poison
 I - 12 scrolls of identify {@r1}
Potions
 a - 7 potions of lignification
 g - a potion of magic
 h - 3 potions of mutation
 j - 5 potions of ambrosia
 k - 7 potions of brilliance
 n - 5 potions of attraction
 p - 8 potions of degeneration
 t - a potion of flight
 u - 3 potions of cancellation
 O - 3 potions of curing {@q1}
 W - 3 potions of invisibility
 Y - 2 potions of resistance
Miscellaneous
 z - a piece from Xom's chessboard (15/15)
 Z - a condenser vane

Dungeon Overview and Level Annotations

Branches:
Dungeon (15/15)            Temple (1/1) D:5            Lair (5/5) D:10
 Shoals (0/4) Lair:3        Snake (4/4) Lair:3        Slime (0/5) Lair:5
    Orc (2/2) D:9             Elf (0/3) Orc:2        Vaults (1/5) D:14
 Depths (0/4) D:15        Volcano (visited)         Gauntlet (visited)

Altars:
Ashenzari
Cheibriados
Dithmenos
Elyvilon
Fedhas
Gozag
Hepliaklqana
Kikubaaqudgha
Makhleb
Nemelex Xobeh
Okawaru
Qazlal
Sif Muna
Uskayaw
Vehumet
Wu Jian
Xom
Yredelemnul
Jiyva

Shops:
D:8 ([=   D:10 *   Orc:1 (   Orc:2 (![!=

Annotations:
D:3 1 runed translucent door, Crazy Yiuf
D:4 Dowan, Duvessa
Lair:4 2 transporters
Snake:1 exclusion: 2 ice statues
Snake:3 3 runed translucent doors, Beavis's ghost, adept GnWn; Mimusiah's ghost, adept HOFi

▒...▒▒▒▒▒..[...... ▒
▒.......▒......... ▒.
▒▒▒▒▒...▒......▒▒▒ ▒.
▒......▒......▒ ▒▒▒..
▒......▒......▒
..'..▒▒..▒.▒.▒......▒
▒..'G..▒.▒.▒......▒
▒..▒Tk.▒...▒......▒
▒. ▒8BT▒▒▒▒▒......▒ ▒
▒▒k'▒ ▒▒.....▒ ....▒
G.▒▒.▒ .▒. .'. ..▒k
H▒'▒ ▒. ▒▒ ▒[... ▒.


You could see an entropy weaver, a great orb of eyes, 2 deep trolls and 2
lindwurms.


Message History

The blast of flame hits you but does no damage.
The lindwurm completely misses you. The lindwurm barely misses you. x2
The deep troll bites you!
* * * LOW HITPOINT WARNING * * *
The deep troll barely misses you.
The deep troll claws you but does no damage.
You block the entropy weaver's attack. The entropy weaver closely misses you.
The entropy weaver hits you but does no damage.
The entropy weaver closely misses you.
The lindwurm bites you but does no damage.
The lindwurm claws you.
* * * LOW HITPOINT WARNING * * *
You block the lindwurm's attack. x2; The lindwurm claws you.
* * * LOW HITPOINT WARNING * * *
The lindwurm closely misses you.
The deep troll bites you but does no damage.
The deep troll claws you.
* * * LOW HITPOINT WARNING * * *
The deep troll claws you but does no damage.
As you read the scroll of teleportation {@r2}, it crumbles to dust.
You feel strangely unstable.
The entropy weaver barely misses you. x2
The entropy weaver hits you but does no damage.
The entropy weaver completely misses you.
The entropy weaver closely misses you.
You block the entropy weaver's attack. x2
The entropy weaver barely misses you.
The lindwurm bites you but does no damage.
The lindwurm claws you but does no damage. x2
The lindwurm breathes flames at you. The blast of flame hits you!!
You die...

Skill      XL: |  1  2  3  4  5  6  7  8  9 10 11 12 13 14 15 16 17 18 |
---------------+-------------------------------------------------------+-----
Unarmed Combat | 4 5 6 8 10 12 13 14 15 16 18 20 | 20.8
Transmutations | 3 4 5 7 11 13 | 13.8
Poison Magic   | 3 |  3.2
Spellcasting   | 3 5 6 |  6.2
Dodging        | 5 7 9 10 | 10.9
Air Magic      | 4 5 |  5.9
Shields        | 3 5 |  5.3
Conjurations   | 3 |  3.6
Fighting       | 6 7 9 10 13 14 | 14.6
Invocations    | 3 |  3.0
Fire Magic     | 3 5 |  5.3
Earth Magic    | 5 10 | 10.3

Action                     |  1- 3 |  4- 6 |  7- 9 | 10-12 | 13-15 | 16-18 || total
---------------------------+-------+-------+-------+-------+-------+-------++-------
  Melee: Unarmed           |   153 |   217 |   256 |   708 |  1146 |   917 ||  3397
         Kick              |    12 |    43 |    25 |    37 |    34 |       ||   151
         Headbutt          |     6 |    25 |    22 |    28 |    27 |       ||   108
         Tailslap          |     7 |    26 |    28 |    90 |   192 |   191 ||   534
         Punch             |       |     4 |    15 |    12 |    37 |     4 ||    72
   Cast: Beastly Appendage |    11 |    25 |    24 |    19 |     9 |       ||    88
         Wereblood         |       |     8 |     3 |    13 |    20 |       ||    44
         Spider Form       |       |       |       |     7 |    11 |     2 ||    20
         Poisonous Vapours |       |       |       |     1 |     1 |       ||     2
         Mephitic Cloud    |       |       |       |     1 |    10 |       ||    11
         Sticky Flame      |       |       |       |       |     1 |       ||     1
         Blade Hands       |       |       |       |       |    24 |     1 ||    25
         Statue Form       |       |       |       |       |       |    50 ||    50
 Invoke: Heroism           |       |       |     1 |    16 |    15 |     9 ||    41
Ability: Breathe Steam     |       |       |    16 |    52 |    61 |     4 ||   133
         End Transformatio |       |       |     1 |     2 |       |       ||     3
  Evoke: Wand              |       |       |       |    27 |    18 |     2 ||    47
    Use: Scroll            |    10 |     4 |     4 |    16 |    13 |    14 ||    61
         Potion            |       |     1 |     2 |     5 |    11 |     7 ||    26
   Stab: Sleeping          |     3 |     1 |       |     1 |     1 |     1 ||     7
         Invisible         |       |       |       |    10 |     2 |     2 ||    14
         Paralysed         |       |       |       |     2 |       |       ||     2
         Confused          |       |       |       |       |     9 |       ||     9
         Petrified         |       |       |       |       |     4 |       ||     4
 Armour: Skin              |    54 |    40 |    90 |   154 |   232 |   664 ||  1234
  Dodge: Dodged            |    82 |   117 |   152 |   435 |   617 |   925 ||  2328
  Block: Buckler           |       |       |       |   120 |   169 |   472 ||   761

Levels and vault maps discovered:
D:1:      mrwooster_arrival_statue_2, layout_basic, kennysheep_boxes
D:2:      layout_loops_ring, basic_altar
D:3:      layout_loops_ring, makhleb_altar_promises_db,
          kennysheep_generic_room_3, uniq_crazy_yiuf_cottage
D:4:      layout_loops_ring, grunt_qazlal_clouds, uniq_duvessa
D:5:      layout_rooms, general_overflow_altar, mainiacjoe_overflow_alcove_1,
          minmay_temple_entry_fiery, uniq_blork_the_orc, uniq_pikel
D:6:      layout_layer_cave, uniq_maggie, uniq_edmund
D:7:      nzn_winding_woodlands_three_and_one
          [nzn_winding_woodlands_5x15_pockets,
          nzn_winding_woodlands_5x15_lazy_stream,
          nzn_winding_woodlands_5x15_garden,
          nzn_winding_woodlands_center_garden], layout_gridville,
          kennysheep_vampire_church, serial_rivers,
          chequers_serial_rivers_micro_d, chequers_serial_rivers_large_a,
          chequers_serial_rivers_micro_d, chequers_serial_rivers_room_a,
          grunt_tough_drop
D:8:      layout_gridville, serial_shops, nicolae_take_the_stairs,
          shop_fountains, nicolae_stop_n_shop_2, abandoned_shop, uniq_amaemon
D:9:      layout_roguey [special_room_orc], lemuel_crystal_altar,
          fiery_altar_vehumet, minmay_orc_entry_guard_dogs,
          nicolae_straight_to_the_point
D:10:     layout_big_octagon, due_lair_maze_entry_diamond, serial_shops, shop,
          uniq_fannar, uniq_urug, uniq_maurice
D:11:     layout_loops_ring
D:12:     layout_loops_ring
D:13:     layout_long_grid
D:14:     layout_cave_pools, erik_vaults_2
D:15:     gammafunk_depths_entry_grave, layout_small_grid, serial_bayou,
          serial_bayou_pond_c, serial_bayou_shore_a, serial_bayou_pond_e,
          serial_bayou_pond_a, serial_bayou_lagoon_b, serial_bayou_pond_a
Temple:   bh_familiar_temple
Lair:1:   layout_cave_shapes
Lair:2:   layout_cave_pods, dreamdust_wasp_nest, infiniplex_staircase_pool_2,
          grunt_megastairs_2, uniq_sonja
Lair:3:   layout_long_grid, minmay_shoals_entry_lonely_mermaid,
          minmay_snake_entry_six_corridors, uniq_snorg, uniq_josephine
Lair:4:   gammafunk_cloud_chamber, layout_misc_corridors, gauntlet_entry_generic
Lair:5:   evilmike_catoblepas_cave, layout_gridlike, slime_entry_1,
          enter_volcano_3, nicolae_quartered_pool_little
Snake:1:  layout_cave_shapes, portal_ice_cave_entry_ice_statue_two
Snake:2:  layout_chambers, st_stairs_13
Snake:3:  layout_chambers, basic_altar, gammafunk_ghost_cemetery
Snake:4:  grunt_snake_rune_spirals, layout_onion, basic_altar, uniq_aizul,
          uniq_roxanne
Orc:1:    orc_temple, layout_caves, serial_shops, nicolae_shop_hallway_plus,
          nicolae_orc_crystal_geode
Orc:2:    st_orc_open, layout_diamond_mine, serial_shops, shop, basic_altar
Vaults:1: hangedman_vaults_stretched_pinwheel, ontoclasm_vaults_pinch,
          dpeg_vaults_monster_box, nicolae_vaults_windows_and_doors_thing,
          nicolae_vaults_little_squares_4, vaults_dpeg_encased_lava,
          nicolae_vaults_border_crossing, vaults_room_stairs_pillars,
          vaults_dpeg_diagonal, layout_vaults_big_room

Notes
Turn   | Place    | Note
-------+----------+-------------------------------------------
     0 | D:1      | demibob the Draconian Transmuter began the quest for the
                  | Orb.
     0 | D:1      | Reached XP level 1. HP: 16/16 MP: 3/3
   246 | D:1      | Reached XP level 2. HP: 22/23 MP: 3/5
   537 | D:1      | Reached XP level 3. HP: 19/28 MP: 6/6
   540 | D:1      | Learned a level 2 spell: Wereblood
   977 | D:1      | Identified a scroll of acquirement
   977 | D:1      | Acquired the ring of the Enchanting Jester {rF+++ rC+
                  | Dex-2}
  1057 | D:2      | Reached skill level 4 in Unarmed Combat
  1368 | D:2      | Found a basalt altar of Yredelemnul.
  1889 | D:3      | Found a burning altar of Makhleb.
  1891 | D:3      | Noticed a balrug
  2080 | D:3      | Reached XP level 4. HP: 29/35 MP: 5/7
  2082 | D:3      | Reached skill level 3 in Transmutations
  2256 | D:3      | Found a runed translucent door.
  2257 | D:3      | Noticed Crazy Yiuf
  2827 | D:4      | Noticed Duvessa
  2827 | D:4      | Noticed Dowan
  3238 | D:4      | Reached skill level 5 in Unarmed Combat
  3238 | D:4      | Reached XP level 5. HP: 33/40 MP: 8/8
  3429 | D:4      | Found a stormy altar of Qazlal.
  3435 | D:4      | Noticed an ogre
  3764 | D:4      | Reached XP level 6. HP: 44/47 MP: 7/9
  3833 | D:4      | Reached skill level 6 in Unarmed Combat
  3833 | D:4      | Reached skill level 4 in Transmutations
  3986 | D:5      | Entered Level 5 of the Dungeon
  4405 | D:5      | Found a shimmering altar of Xom.
  4420 | D:5      | Found a hazy altar of Hepliaklqana.
  4509 | D:5      | Identified the +5 quarterstaff of Qimyo {flame, Will+}
  4581 | D:5      | Noticed Blork the orc
  4593 | D:5      | Killed Blork the orc
  4594 | D:5      | Your scales start taking on a pale cyan-grey colour.
  4594 | D:5      | Reached XP level 7. HP: 44/52 MP: 7/10
  4594 | D:5      | Gained mutation: You are immune to the effects of steam.
                  | [Pale Draconian growth]
  4597 | D:5      | Reached skill level 7 in Unarmed Combat
  4720 | D:5      | Found a staircase to the Ecumenical Temple.
  4729 | D:5      | Reached skill level 5 in Transmutations
  4733 | Temple   | Entered the Ecumenical Temple
  4822 | Temple   | Became a worshipper of Warmaster Okawaru
  4917 | D:5      | Noticed Pikel
  4941 | D:5      | HP: 5/52 [constriction (1)]
  4942 | D:5      | Killed Pikel
  4942 | D:5      | Reached * piety under Okawaru
  4943 | D:5      | Reached skill level 8 in Unarmed Combat
  4943 | D:5      | Reached XP level 8. HP: 7/59 MP: 8/11
  5280 | D:6      | Reached skill level 6 in Transmutations
  5434 | D:6      | Noticed Edmund
  5439 | D:6      | Killed Edmund
  5439 | D:6      | Reached ** piety under Okawaru
  5440 | D:6      | Reached skill level 9 in Unarmed Combat
  6165 | D:6      | Noticed Maggie
  6190 | D:6      | HP: 5/59 [Maggie/+2 glaive of flaming (9)]
  6194 | D:6      | Killed Maggie
  6194 | D:6      | Reached *** piety under Okawaru
  6195 | D:6      | Reached skill level 10 in Unarmed Combat
  6195 | D:6      | Reached skill level 7 in Transmutations
  6195 | D:6      | Reached XP level 9. HP: 36/64 MP: 12/12
  6442 | D:6      | Noticed a troll
  6455 | D:6      | Killed a troll
  6686 | D:6      | Acquired 1161 gold pieces
  6827 | D:6      | Learned a level 3 spell: Spider Form
  7039 | D:7      | Reached skill level 1 in Poison Magic
  7238 | D:7      | Found an ancient bone altar of Kikubaaqudgha.
  7323 | D:7      | Reached skill level 11 in Unarmed Combat
  7323 | D:7      | Reached skill level 2 in Poison Magic
  7443 | D:7      | Reached **** piety under Okawaru
  7707 | D:7      | Reached skill level 3 in Poison Magic
  8094 | D:7      | Reached skill level 12 in Unarmed Combat
  8184 | D:7      | Reached ***** piety under Okawaru
  8184 | D:7      | Received a gift from Okawaru
  8185 | D:7      | Reached skill level 3 in Spellcasting
  8185 | D:7      | Reached XP level 10. HP: 71/71 MP: 14/14
  8571 | D:8      | Found Judei's Antique Armour Boutique.
  8640 | D:8      | Reached skill level 2 in Dodging
  8738 | D:8      | Bought an embroidered scarf for 216 gold pieces
  8792 | D:8      | Noticed Amaemon
  8792 | D:8      | Noticed an orange demon
  8809 | D:8      | Killed Amaemon
  8810 | D:8      | Reached skill level 3 in Dodging
  8813 | D:8      | Killed an orange demon
  9142 | D:8      | Found Loilayq's Jewellery Shop.
  9147 | D:8      | Reached skill level 4 in Dodging
  9154 | D:8      | Bought a +4 ring of protection for 468 gold pieces
  9247 | D:8      | Reached skill level 13 in Unarmed Combat
  9349 | D:8      | Reached skill level 5 in Dodging
  9408 | D:8      | Found Wiuditt's Antique Weapon Shoppe.
  9748 | D:9      | Noticed a two-headed ogre
  9753 | D:9      | Killed a two-headed ogre
  9892 | D:9      | Reached XP level 11. HP: 70/77 MP: 12/16
  9922 | D:9      | Reached skill level 6 in Dodging
 10005 | D:9      | Learned a level 2 spell: Poisonous Vapours
 10063 | D:9      | Found a blossoming altar of Fedhas.
 10131 | D:9      | Reached skill level 1 in Air Magic
 10144 | D:9      | Reached skill level 2 in Air Magic
 10205 | D:9      | Found a staircase to the Orcish Mines.
 10449 | D:9      | Reached skill level 14 in Unarmed Combat
 10754 | D:9      | Found a radiant altar of Vehumet.
 10825 | D:9      | Reached skill level 3 in Air Magic
 10845 | D:9      | Acquired a book of Cantrips
 10933 | D:10     | Entered Level 10 of the Dungeon
 10934 | D:10     | Noticed a two-headed ogre
 10947 | D:10     | Killed a two-headed ogre
 10947 | D:10     | Reached ****** piety under Okawaru
 10948 | D:10     | Noticed Fannar
 11091 | D:10     | Killed Fannar
 11092 | D:10     | Reached skill level 7 in Dodging
 11102 | D:10     | Reached skill level 4 in Air Magic
 11193 | D:10     | Identified the +2 buckler of Huptiggafua {Will+ Int+3}
                  | (Okawaru gifted it to you on level 10 of the Dungeon)
 11193 | D:10     | Received a gift from Okawaru
 11245 | D:8      | Learned a level 3 spell: Mephitic Cloud
 11304 | D:10     | Reached skill level 1 in Shields
 11304 | D:10     | Reached skill level 1 in Conjurations
 11619 | D:10     | Reached skill level 2 in Shields
 11619 | D:10     | Reached skill level 2 in Conjurations
 11782 | D:10     | Found Xihopn's Assorted Antiques.
 11792 | D:10     | Noticed Urug
 11805 | D:10     | Killed Urug
 11965 | D:10     | Bought a scroll of blinking for 195 gold pieces
 12066 | D:10     | Found a staircase to the Lair.
 12092 | D:10     | Noticed Maurice
 12094 | D:10     | Maurice changed into Maurice the black bear
 12094 | D:10     | Noticed Maurice
 12098 | D:10     | Killed Maurice the black bear
 12099 | D:10     | Reached skill level 3 in Shields
 12099 | D:10     | Reached skill level 3 in Conjurations
 12152 | Lair:1   | Entered Level 1 of the Lair of Beasts
 12415 | Lair:1   | Reached XP level 12. HP: 46/83 MP: 17/17
 12665 | Lair:1   | Received a gift from Okawaru
 12848 | Lair:1   | Reached skill level 4 in Shields
 12863 | Lair:1   | HP: 7/83 [yak (14)]
 13142 | Lair:1   | You fall into a shaft and drop 1 floor!
 13306 | Lair:2   | Reached skill level 5 in Air Magic
 13313 | Lair:2   | Reached skill level 15 in Unarmed Combat
 13508 | Lair:2   | Noticed a four-headed hydra
 13529 | Lair:2   | Killed a four-headed hydra
 13656 | Lair:2   | Reached skill level 5 in Shields
 13916 | Lair:2   | Noticed Sonja
 13924 | Lair:2   | Killed Sonja
 13925 | Lair:2   | Reached skill level 2 in Fighting
 14462 | Lair:2   | Reached skill level 3 in Fighting
 14666 | Lair:2   | Identified a potion of resistance
 14818 | Lair:3   | Identified the +2 hat of Absolutism {Regen+} (Okawaru
                  | gifted it to you on level 3 of the Lair of Beasts)
 14818 | Lair:3   | Received a gift from Okawaru
 14913 | Lair:3   | Found a staircase to the Snake Pit.
 14980 | Lair:3   | Reached skill level 4 in Fighting
 15086 | Lair:3   | Reached skill level 8 in Dodging
 15167 | Lair:3   | Found a staircase to the Shoals.
 15248 | Lair:3   | Noticed Snorg
 15248 | Lair:3   | Noticed a boulder beetle
 15280 | Lair:3   | Killed Snorg
 15281 | Lair:3   | Reached skill level 5 in Fighting
 15352 | Lair:3   | Killed a boulder beetle
 15442 | Lair:3   | Noticed Josephine
 15450 | Lair:3   | Killed Josephine
 15585 | Lair:3   | Reached skill level 6 in Fighting
 15895 | Lair:4   | Noticed a five-headed hydra
 15922 | Lair:4   | Reached skill level 9 in Dodging
 15922 | Lair:4   | Reached XP level 13. HP: 69/103 MP: 10/18
 15934 | Lair:4   | Found a gate leading to a gauntlet.
 15943 | Gauntlet | Entered a Gauntlet
 15943 | Gauntlet | Found the ring of the Mage {Wiz Archmagi}
 15943 | Gauntlet | Found a large runed translucent door.
 15943 | Gauntlet | Found a large runed translucent door.
 15943 | Gauntlet | Found a large runed translucent door.
 15943 | Gauntlet | Found a large runed translucent door.
 15943 | Gauntlet | Found a large runed translucent door.
 15943 | Gauntlet | Found a large runed translucent door.
 15943 | Gauntlet | Found a large runed translucent door.
 15943 | Gauntlet | Found a large runed translucent door.
 15943 | Gauntlet | Found a runed translucent door.
 15943 | Gauntlet | Found a runed translucent gate.
 15943 | Gauntlet | Found a transporter.
 15943 | Gauntlet | Found a transporter.
 15943 | Gauntlet | Found a runed translucent gate.
 15943 | Gauntlet | Found a transporter.
 15943 | Gauntlet | Found a transporter.
 15945 | Gauntlet | Found a runed translucent door.
 15945 | Gauntlet | Found a runed translucent gate.
 16018 | Gauntlet | Found a transporter.
 16023 | Gauntlet | Found a large runed translucent door.
 16023 | Gauntlet | Found a large runed translucent door.
 16034 | Gauntlet | Found a transporter.
 16057 | Gauntlet | Found a transporter.
 16076 | Gauntlet | Found a transporter.
 16097 | Gauntlet | Found a transporter.
 16101 | Gauntlet | Found a transporter.
 16118 | Gauntlet | Found a transporter.
 16142 | Gauntlet | Found a large runed translucent door.
 16142 | Gauntlet | Found a large runed translucent door.
 16143 | Gauntlet | Found a large runed translucent door.
 16143 | Gauntlet | Found a large runed translucent door.
 16144 | Gauntlet | Found a large runed translucent door.
 16144 | Gauntlet | Found a large runed translucent door.
 16169 | Gauntlet | Found a transporter.
 16242 | Gauntlet | Identified the +0 buckler of the Moneychanger {rC+ Regen+}
                  | (Okawaru gifted it to you in a Gauntlet)
 16242 | Gauntlet | Received a gift from Okawaru
 16243 | Gauntlet | Reached skill level 1 in Invocations
 16298 | Gauntlet | Identified a scarf of resistance
 16343 | Gauntlet | Identified the +0 rapier of Untruth {flame, rN+ Dex-5
                  | Stlth+}
 16343 | Gauntlet | Identified the +6 pearl dragon scales of the Griffon {rN+
                  | Will+ rCorr Str+4 Int-4}
 16343 | Gauntlet | Noticed a minotaur
 16358 | Gauntlet | Killed a minotaur
 16359 | Gauntlet | Reached skill level 7 in Fighting
 16453 | Gauntlet | Got the Compilation of Coarse Voltage
 16572 | Lair:4   | Reached skill level 2 in Invocations
 16634 | Lair:4   | HP: 10/105 [poisoned by a black mamba]
 16639 | Lair:4   | HP: 10/105 [poisoned by a black mamba]
 16765 | Lair:4   | Found a transporter.
 16774 | Lair:4   | Reached skill level 3 in Invocations
 17082 | Lair:4   | Found a transporter.
 17239 | Lair:4   | Reached skill level 10 in Dodging
 17405 | Lair:5   | Entered Level 5 of the Lair of Beasts
 17437 | Lair:5   | Found a dark tunnel.
 17462 | Volcano  | Entered a volcano
 17574 | Volcano  | Reached skill level 16 in Unarmed Combat
 17651 | Volcano  | Noticed a fire dragon
 17673 | Volcano  | Killed a fire dragon
 17754 | Lair:5   | Learned a level 4 spell: Sticky Flame
 17778 | Lair:5   | Reached skill level 1 in Fire Magic
 17930 | Lair:5   | Identified the +9 scimitar of Psychosis {flame, Will+
                  | Str+5} (Okawaru gifted it to you on level 5 of the Lair of
                  | Beasts)
 17930 | Lair:5   | Received a gift from Okawaru
 18020 | Lair:5   | Reached skill level 2 in Fire Magic
 18208 | Lair:5   | Found a viscous altar of Jiyva.
 18208 | Lair:5   | Found a staircase to the Slime Pits.
 18230 | Lair:5   | Reached skill level 3 in Fire Magic
 18246 | Lair:5   | Reached XP level 14. HP: 53/113 MP: 16/19
 18513 | Lair:5   | Reached skill level 4 in Fire Magic
 18718 | Lair:5   | Received a gift from Okawaru
 18729 | Lair:5   | Reached skill level 5 in Fire Magic
 18991 | Lair:5   | Reached skill level 4 in Spellcasting
 19356 | Lair:5   | Reached skill level 17 in Unarmed Combat
 19780 | Orc:1    | Entered Level 1 of the Orcish Mines
 19848 | Orc:1    | Received a gift from Okawaru
 19892 | Orc:1    | Reached skill level 5 in Spellcasting
 20043 | Orc:1    | Noticed an orc warlord
 20136 | Orc:1    | Killed an orc warlord
 20471 | Orc:1    | Reached skill level 8 in Fighting
 20783 | Orc:1    | Found Anuuc's Weapon Emporium.
 20893 | Orc:2    | Entered Level 2 of the Orcish Mines
 20993 | Orc:2    | Found a staircase to the Elven Halls.
 21327 | Orc:2    | Reached skill level 9 in Fighting
 21382 | Orc:2    | Reached skill level 18 in Unarmed Combat
 21415 | Orc:2    | Received a gift from Okawaru
 21418 | Orc:2    | Reached XP level 15. HP: 86/126 MP: 19/22
 21489 | Orc:2    | Found Niusm's Distillery.
 21491 | Orc:2    | Found Ukhluzxi's Distillery.
 21494 | Orc:2    | Found Xakabber's Weapon Shop.
 21495 | Orc:2    | Found Qifyurpho's Antique Armour Boutique.
 21497 | Orc:2    | Bought a potion of heal wounds for 80 gold pieces
 21532 | Orc:2    | Found Dutaa's Jewellery Shop.
 21703 | Orc:2    | Bought the ring of Roitur {AC+4 Dex+2 Slay+2} for 834 gold
                  | pieces
 21823 | D:11     | Acquired the Tome of the Chickpea
 21831 | D:11     | Learned a level 5 spell: Blade Hands
 22739 | D:12     | Reached skill level 8 in Transmutations
 23371 | D:13     | Identified the +1 hat of Day {Will- Dex+4 Slay+4 Stlth+}
                  | (Okawaru gifted it to you on level 13 of the Dungeon)
 23371 | D:13     | Received a gift from Okawaru
 24193 | D:13     | Reached skill level 9 in Transmutations
 24338 | D:14     | Reached skill level 6 in Spellcasting
 24361 | D:14     | Learned a level 6 spell: Statue Form
 24367 | D:14     | Found a gate to the Vaults.
 24399 | D:14     | Reached skill level 1 in Earth Magic
 24446 | D:14     | Reached skill level 2 in Earth Magic
 24690 | D:14     | Reached skill level 10 in Transmutations
 24694 | D:14     | Reached skill level 3 in Earth Magic
 24967 | D:15     | Entered Level 15 of the Dungeon
 24977 | D:15     | Identified the +1 demon blade "Zeege" {elec, rC+ Dex+3}
                  | (Okawaru gifted it to you on level 15 of the Dungeon)
 24977 | D:15     | Received a gift from Okawaru
 25067 | D:15     | Reached skill level 4 in Earth Magic
 25239 | D:15     | Reached skill level 5 in Earth Magic
 25285 | D:15     | Received a gift from Okawaru
 25329 | D:15     | Reached skill level 11 in Transmutations
 25396 | D:15     | Found a staircase to the Depths.
 25435 | D:15     | Reached XP level 16. HP: 106/134 MP: 22/25
 25591 | D:15     | Reached skill level 6 in Earth Magic
 26660 | Snake:1  | Entered Level 1 of the Snake Pit
 26672 | Snake:1  | Identified a +0 robe of the Archmagi
 26846 | Snake:1  | Reached skill level 7 in Earth Magic
 27150 | Snake:1  | Found a frozen archway.
 27225 | Snake:1  | Reached skill level 12 in Transmutations
 27612 | Snake:2  | Identified the +2 buckler of Jeedayni {Will+} (Okawaru
                  | gifted it to you on level 2 of the Snake Pit)
 27612 | Snake:2  | Received a gift from Okawaru
 27613 | Snake:2  | Reached skill level 8 in Earth Magic
 28187 | Snake:2  | Reached skill level 9 in Earth Magic
 28193 | Snake:2  | Reached skill level 13 in Transmutations
 29065 | Snake:3  | Identified the +2 hat "Ymubala" {Int+5 Dex-5} (Okawaru
                  | gifted it to you on level 3 of the Snake Pit)
 29065 | Snake:3  | Received a gift from Okawaru
 29107 | Snake:3  | Found a hazy altar of Hepliaklqana.
 29146 | Snake:3  | Found a runed translucent gate.
 29146 | Snake:3  | Found a runed translucent gate.
 29148 | Snake:3  | Found a runed translucent gate.
 29150 | Snake:3  | Noticed Beavis's ghost (adept GnWn)
 29150 | Snake:3  | Noticed Mimusiah's ghost (adept HOFi)
 29219 | Snake:3  | Reached skill level 10 in Earth Magic
 30034 | Snake:4  | Entered Level 4 of the Snake Pit
 30060 | Snake:4  | Identified Roxanne's Excursus on the Shapeshifter
 30060 | Snake:4  | Noticed Roxanne
 30082 | Snake:4  | Reached skill level 10 in Fighting
 30086 | Snake:4  | Reached XP level 17. HP: 140/140 MP: 20/26
 30572 | Snake:4  | Killed Roxanne
 30691 | Snake:4  | Noticed Aizul
 30707 | Snake:4  | Killed Aizul
 30773 | Snake:4  | Found a shimmering altar of Xom.
 30797 | Snake:4  | Reached skill level 19 in Unarmed Combat
 30811 | Snake:4  | Reached skill level 11 in Fighting
 31014 | Snake:4  | Identified the +9 triple sword of the Battered Nights
                  | {freeze, rC++ Int-2} (Okawaru gifted it to you on level 4
                  | of the Snake Pit)
 31014 | Snake:4  | Received a gift from Okawaru
 31246 | Snake:4  | Reached skill level 12 in Fighting
 31342 | Snake:4  | Received a gift from Okawaru
 31668 | Snake:4  | Reached skill level 13 in Fighting
 31798 | Snake:4  | Reached skill level 20 in Unarmed Combat
 31805 | Snake:4  | Got a serpentine rune of Zot
 32211 | Vaults:1 | Entered Level 1 of the Vaults
 32271 | Vaults:1 | Received a gift from Okawaru
 32291 | Vaults:1 | Reached XP level 18. HP: 109/158 MP: 20/27
 32570 | Vaults:1 | Reached skill level 14 in Fighting
 32617 | Vaults:1 | Identified the +10 rapier of Crusades {heavy, Contam
                  | *Corrode rPois rN+++} (Okawaru gifted it to you on level 1
                  | of the Vaults)
 32617 | Vaults:1 | Received a gift from Okawaru
 32982 | Vaults:1 | HP: 19/209 [deep troll[an ironbound preserver] (3)]
 32983 | Vaults:1 | HP: 9/209 [deep troll[an ironbound preserver] (6)]
 32984 | Vaults:1 | Killed from afar by a lindwurm

Vanquished Creatures
  A sphinx (Vaults:1)
  16 nagarajas
  Roxanne (Snake:4)
  2 vault wardens (Vaults:1)
  Aizul (Snake:4)
  2 orc warlords
  3 very ugly things (Vaults:1)
  3 ironbound preservers (Vaults:1)
  An ironbound thunderhulk (Vaults:1)
  A juggernaut skeleton (D:15)
  A minotaur (Gauntlet)
  Snorg (Lair:3)
  A fire dragon (Volcano)
  Josephine (Lair:3)
  An entropy weaver (Vaults:1)
  5 hydras
  A yaktaur captain (Vaults:1)
  Fannar (D:10)
  8 vault guards (D:14)
  4 salamander tyrants
  6 anacondas
  3 ogre magi
  5 ironbound frosthearts (Vaults:1)
  8 centaur warriors
  4 catoblepae
  4 boulder beetles
  A death knight (D:13)
  15 two-headed ogres
  Urug (D:10)
  8 death yaks
  12 naga warriors
  An orc high priest (Orc:1)
  7 shock serpents
  10 naga sharpshooters
  A titan zombie (D:15)
  A fire crab (Gauntlet)
  Sonja (Lair:2)
  3 sun demons (Volcano)
  8 salamander mystics
  7 skeletal warriors
  Amaemon (D:8)
  9 deep trolls
  8 naga ritualists
  5 lindwurms (Vaults:1)
  Pikel (D:5)
  2 phantasmal warriors
  3 wizards
  5 orc knights
  4 deep elf pyromancers
  5 harpies (Vaults:1)
  7 cyclopes
  2 necromancers
  7 mana vipers
  An orc sorcerer (Orc:1)
  17 ugly things
  4 manticores
  43 black mambas
  7 guardian serpents (Snake:4)
  30 salamanders
  A merfolk siren (Lair:3)
  3 elephants (Lair:2)
  4 smoke demons (Volcano)
  3 gargoyles
  A vault sentinel (Vaults:1)
  An orange demon (D:8)
  15 naga magi
  An unseen horror (D:12)
  8 cane toads
  Maggie (D:6)
  A rime drake (Lair:2)
  4 komodo dragons
  A kobold demonologist (D:10)
  3 efreet
  A tengu conjurer (D:15)
  A yaktaur (Vaults:1)
  3 meliai (D:15)
  3 polar bears
  13 trolls
  7 dream sheep (Lair:4)
  4 hornets (Lair:2)
  13 blink frogs
  A jumping spider (Vaults:1)
  3 wyverns
  66 yaks
  4 slime creatures (D:13)
  An ettin skeleton (D:15)
  3 water elementals (D:15)
  2 vampires
  2 fire bats (Gauntlet)
  4 basilisks
  8 vampire mosquitoes
  6 wraiths
  2 redbacks (Vaults:1)
  6 steam dragons (Volcano)
  Edmund (D:6)
  54 nagas
  6 wargs
  20 water moccasins
  5 hell hounds
  An acid dragon (D:10)
  32 orc warriors
  A human skeleton (D:15)
  7 sky beasts
  2 black bears (D:10)
  7 wolves
  4 boggarts (Vaults:1)
  22 ogres
  5 centaurs
  3 lemures (D:5)
  A phantom (D:7)
  4 kobold brigands
  Blork the orc (D:5)
  14 bullfrogs
  3 gnoll sergeants
  3 scorpions
  21 wights
  14 killer bees
  2 howler monkeys
  2 vampire bats (D:7)
  5 electric eels
  5 hounds
  A gnoll bouda (D:8)
  4 jellies
  18 orc priests
  20 orc wizards
  2 iguanas
  26 gnolls
  13 adders
  2 shadow imps
  5 white imps
  An ufetubus (D:6)
  2 worms
  3 dart slugs
  92 orcs
  6 bats
  A bat skeleton (D:7)
  4 bat zombies (D:7)
  10 endoplasms
  5 giant cockroaches
  3 goblins
  8 hobgoblins
  3 jackals (D:1)
  25 kobolds
  4 quokkas
  6 ball pythons
  3 frilled lizards
  4 rats
1038 creatures vanquished.

Vanquished Creatures (others)
  A salamander (Snake:2)
  A yaktaur (shapeshifter) (D:15)
  A redback (Gauntlet)
  A water moccasin (Lair:3)
  An orc wizard (D:7)
  50 fungi
  121 plants
  14 withered plants
190 creatures vanquished.

Grand Total: 1228 creatures vanquished

Table legend: (Time is in decaauts)
 A = Elapsed time spent in this place.
 B = Non-inter-level travel time spent in this place.
 C = Inter-level travel time spent in this place.
 D = Time resting spent in this place.
 E = Time spent auto-exploring this place.
 F = Levels seen in this place.
 G = Mean time per level.
                   A        B        C        D        E       F      G
               +--------+--------+--------+--------+--------+-----+--------+
         Total |  33509 |  31993 |   1516 |   4344 |  20308 |  30 | 1117.0 |
       Dungeon |  16846 |  15980 |    866 |   1843 |  10979 |  15 | 1123.1 |
        Temple |    125 |     94 |     31 |      0 |     85 |   1 |  125.0 |
          Lair |   6710 |   6415 |    295 |   1296 |   3708 |   5 | 1342.0 |
     Snake Pit |   6274 |   6019 |    255 |    636 |   3814 |   4 | 1568.5 |
  Orcish Mines |   1868 |   1800 |     68 |    142 |   1160 |   2 |  934.0 |
        Vaults |    893 |    893 |      0 |    226 |    350 |   1 |  893.0 |
       Volcano |    260 |    260 |      0 |     66 |      0 |   1 |  260.0 |
      Gauntlet |    530 |    530 |      0 |    134 |    211 |   1 |  530.0 |
               +--------+--------+--------+--------+--------+-----+--------+

Top non-repeatable levels by time:
 Snake:4: 2104 daAuts
  Lair:5: 1776 daAuts
 Snake:3: 1696 daAuts
     D:6: 1683 daAuts
     D:7: 1650 daAuts
 Snake:2: 1621 daAuts
     D:9: 1531 daAuts
  Lair:2: 1491 daAuts
    D:15: 1490 daAuts
  Lair:1: 1243 daAuts
  Lair:3: 1229 daAuts
     D:3: 1164 daAuts
   Orc:1: 1080 daAuts
     D:8: 1059 daAuts
    D:13: 1056 daAuts

Table legend:
 A = Non-vault XP
 B = Vault XP
 C = Vault XP percentage of total XP
 D = Non-vault monster count
 E = Vault monster count
 F = Vault count percentage of total count
                 A         B        C        D         E       F
            +---------+---------+-------+---------+---------+-------
      Total |  206523 |  113197 |  35.4 |     759 |     281 |  27.0
            +---------+---------+-------+---------+---------+-------
        D:1 |      48 |       0 |   0.0 |      26 |       0 |   0.0
        D:2 |      44 |       0 |   0.0 |      13 |       0 |   0.0
        D:3 |      70 |       2 |   2.8 |      20 |       1 |   4.8
        D:4 |     355 |       0 |   0.0 |      18 |       0 |   0.0
        D:5 |     397 |     769 |  66.0 |      24 |       2 |   7.7
        D:6 |    1020 |     568 |  35.8 |      17 |       2 |  10.5
        D:7 |    1793 |    1068 |  37.3 |      38 |      21 |  35.6
        D:8 |    2426 |    1181 |  32.7 |      31 |       2 |   6.1
        D:9 |    3580 |    1113 |  23.7 |      44 |      28 |  38.9
       D:10 |    2325 |    3319 |  58.8 |      27 |      15 |  35.7
       D:11 |    2283 |       0 |   0.0 |       4 |       0 |   0.0
       D:12 |    7020 |       0 |   0.0 |      22 |       0 |   0.0
       D:13 |    8602 |       0 |   0.0 |      31 |       0 |   0.0
       D:14 |    9038 |    6912 |  43.3 |      16 |       8 |  33.3
       D:15 |   16592 |    4891 |  22.8 |      37 |       8 |  17.8
     Lair:1 |    3666 |       0 |   0.0 |      19 |       0 |   0.0
     Lair:2 |    2971 |    3171 |  51.6 |      10 |       7 |  41.2
     Lair:3 |    2323 |    5207 |  69.2 |       7 |      15 |  68.2
     Lair:4 |   13013 |       0 |   0.0 |      42 |       0 |   0.0
     Lair:5 |   11135 |    9979 |  47.3 |      42 |      25 |  37.3
    Snake:1 |   11574 |       0 |   0.0 |      26 |       0 |   0.0
    Snake:2 |   22777 |     448 |   1.9 |      44 |       1 |   2.2
    Snake:3 |   22528 |       0 |   0.0 |      49 |       0 |   0.0
    Snake:4 |   30505 |   32091 |  51.3 |      57 |      44 |  43.6
      Orc:1 |    2396 |    5748 |  70.6 |      30 |      28 |  48.3
      Orc:2 |    1621 |   14055 |  89.7 |      25 |      36 |  59.0
   Vaults:1 |   26421 |   13975 |  34.6 |      40 |      16 |  28.6
    Volcano |       0 |    6366 | 100.0 |       0 |      17 | 100.0
   Gauntlet |       0 |    2334 | 100.0 |       0 |       5 | 100.0
            +---------+---------+-------+---------+---------+-------
